AoeStats
← 竞技场场王

Arena

510714240Analyzed
4v4 RM · 1d ago on Oct 2, 2026· 44m 26s· 8 players
Game mode
Random Map
Map size
Large (8 player)
Population
200
Speed
Normal
Resources
Standard
Victory
Conquest
Starting age
Dark Age
Ending age
Imperial Age
RankedLock teamsTeams togetherTeam positionsShared explorationLock speedFull tech treeHidden civsTurbo modeCheats
Victory
Defeat
🇮🇳 Hindustanis · India
1397
+9
🇮🇳 Malians · India
1282
+14
🇨🇳 Chinese · China
1216
+17
🇵🇱 Danes · Poland
1194
+17
🇨🇳 Danes · China
1302
-17
🇨🇳 Chinese · China
1257
-15
🇨🇳 Mongols · China
1248
-15
🇨🇳 Franks · China
1128
-10
不学不练
11:10 Feudal Age
11:36 Double-Bit Axe
15:14 Castle Age
21:43 Horse Collar
22:15 Bow Saw
23:38 Loom
23:58 Gold Mining
25:25 Wheelbarrow
29:48 Imperial Age
27:33 Stone Mining
28:27 Hand Cart
29:01 Stone Shaft Mining
28:41 Heavy Plow
28:45 Fletching
28:55 Padded Archer Armor
29:24 Bodkin Arrow
29:17 Town Watch
30:20 Ballistics
30:49 Leather Archer Armor
31:11 Bracer
32:13 Chemistry
30:45 Capped Ram
31:57 Parthian Tactics
31:38 Thumb Ring
31:41 Onager
33:11 Masonry
33:36 Conscription
32:57 Elite Mangudai
41:32 Forging
41:28 Scale Barding Armor
44:06 Bloodlines
43:59 Husbandry
43:20 Light Cavalry
封不觉
0:27 Loom
9:19 Feudal Age
9:51 Double-Bit Axe
9:49 Horse Collar
17:04 Castle Age
17:00 Stone Mining
18:03 Bow Saw
17:55 Heavy Plow
17:47 Town Watch
19:02 Gold Mining
21:13 Gold Shaft Mining
24:51 Imperial Age
23:27 Stone Shaft Mining
24:45 Wheelbarrow
24:49 Town Patrol
25:53 Hand Cart
26:46 Two-Man Saw
27:32 Conscription
28:02 Fletching
28:47 Hand Cart
29:03 Bodkin Arrow
28:35 Pikeman
30:10 Ballistics
30:24 Bracer
30:30 Squires
31:02 Masonry
31:08 Fortified Wall
31:12 Masonry
32:03 Town Patrol
32:43 Padded Archer Armor
32:45 Scale Mail Armor
33:27 Murder Holes
34:03 Architecture
34:47 Chain Mail Armor
34:43 Forging
34:55 Heavy Scorpion
竞技场场王
10:33 Feudal Age
11:12 Double-Bit Axe
14:08 Castle Age
12:10 Horse Collar
20:39 Bow Saw
21:56 Wheelbarrow
22:07 Heavy Plow
23:03 Sanctity
23:43 Hand Cart
24:34 Gold Mining
24:36 Stone Mining
28:24 Imperial Age
25:42 Loom
25:42 Town Watch
26:00 Scale Mail Armor
27:16 Squires
27:33 Chain Mail Armor
27:28 Forging
29:13 Gold Shaft Mining
29:14 Stone Shaft Mining
28:38 Elite Varangian Guard
30:21 Conscription
29:26 Capped Ram
30:40 Plate Mail Armor
30:46 Iron Casting
31:18 Siege Ram
34:23 Heavy Scorpion
36:07 Man-at-Arms
36:32 Gambesons
37:50 Blast Furnace
36:40 Pikeman
36:44 Long Swordsman
37:21 Halberdier
38:38 Two-Handed Swordsman
39:06 Arson
39:13 Fletching
39:24 Padded Archer Armor
39:29 Scale Barding Armor
39:26 Champion
40:20 Siege Engineers
41:17 Chemistry
noob but hard practice
11:12 Feudal Age
14:50 Castle Age
12:55 Double-Bit Axe
15:42 Bow Saw
21:05 Wheelbarrow
20:59 Gold Mining
22:14 Hand Cart
23:55 Gold Shaft Mining
28:30 Imperial Age
26:02 Stone Mining
26:36 Scale Barding Armor
26:41 Forging
27:02 Loom
27:40 Chain Barding Armor
27:41 Husbandry
28:45 Town Watch
29:41 Iron Casting
29:47 Plate Barding Armor
28:43 Cavalier
30:44 Chemistry
29:53 Siege Engineers
30:05 Murder Holes
30:33 Ballistics
31:29 Blast Furnace
31:05 Conscription
30:20 Paladin
31:53 Chivalry
31:17 Light Cavalry
33:19 Squires
32:43 Pikeman
34:06 Halberdier
35:14 Scale Mail Armor
38:35 Chain Mail Armor
KursedKnight993
10:44 Feudal Age
12:02 Double-Bit Axe
12:03 Horse Collar
14:53 Castle Age
16:09 Bow Saw
16:08 Heavy Plow
19:19 Wheelbarrow
21:05 Hand Cart
21:09 Hand Cart
21:38 Gold Mining
23:24 Gold Shaft Mining
27:24 Imperial Age
25:15 Stone Mining
25:32 Scale Barding Armor
26:07 Forging
26:34 Stone Shaft Mining
26:31 Bloodlines
26:21 Husbandry
26:42 Chain Barding Armor
27:12 Loom
28:03 Iron Casting
27:38 Heavy Camel Rider
28:55 Plate Barding Armor
30:35 Chemistry
30:34 Caravan
30:34 Imperial Camel Rider
34:42 Blast Furnace
35:29 Grand Trunk Road
35:50 Conscription
巨大的问号
0:31 Loom
10:48 Feudal Age
12:24 Double-Bit Axe
14:56 Castle Age
13:09 Horse Collar
19:01 Stone Mining
24:03 Wheelbarrow
23:45 Bow Saw
27:26 Imperial Age
25:41 Heavy Plow
26:02 Gold Mining
27:11 Stone Shaft Mining
28:02 Fletching
28:13 Padded Archer Armor
29:20 Two-Man Saw
28:57 Conscription
29:03 Thumb Ring
28:55 Bodkin Arrow
29:58 Bracer
30:43 Leather Archer Armor
30:49 Ballistics
31:30 Chemistry
31:14 Hand Cart
30:45 Town Watch
31:40 Gold Shaft Mining
32:28 Ring Archer Armor
33:52 Rocketry
35:08 Elite Chu Ko Nu
36:49 Great Wall
38:06 Scale Barding Armor
38:12 Forging
38:07 Great Wall
38:57 Coinage
40:47 Chain Barding Armor
41:03 Iron Casting
42:16 Banking
snek_fan
9:37 Feudal Age
13:57 Castle Age
11:53 Double-Bit Axe
13:00 Horse Collar
18:55 Loom
19:57 Heavy Plow
24:21 Wheelbarrow
24:16 Town Watch
28:41 Imperial Age
26:50 Squires
26:35 Arson
26:52 Scale Mail Armor
27:30 Gold Mining
27:58 Bow Saw
28:35 Forging
29:54 Hand Cart
29:58 Chain Mail Armor
30:27 Gold Shaft Mining
31:40 Iron Casting
32:25 Chemistry
31:35 Masonry
31:08 Treadmill Crane
33:19 Plate Mail Armor
32:39 Fletching
33:29 Husbandry
33:39 Bloodlines
34:01 Conscription
34:06 Elite Gbeto
34:10 Light Cavalry
35:08 Bodkin Arrow
37:32 Masonry
37:42 Ballistics
37:53 Scale Barding Armor
37:17 Elite Skirmisher
38:57 Chain Barding Armor
38:13 Cavalier
40:21 Architecture
40:31 Plate Barding Armor
43:15 Stone Mining
43:49 Capped Ram
KAROLLOKO
10:15 Feudal Age
15:04 Castle Age
13:18 Double-Bit Axe
14:22 Horse Collar
15:57 Bow Saw
20:08 Loom
20:59 Wheelbarrow
20:14 Town Watch
24:06 Stone Mining
26:44 Heavy Plow
27:19 Pikeman
29:15 Hand Cart
28:34 Elite Skirmisher
29:11 Fletching
29:24 Scale Mail Armor
33:40 Imperial Age
33:57 Squires
34:17 Capped Ram
34:53 Halberdier
38:15 Chain Mail Armor
38:11 Forging
39:33 Siege Ram
40:23 Bodkin Arrow
40:29 Padded Archer Armor
41:05 Iron Casting
41:00 Plate Mail Armor
41:49 Thumb Ring
43:46 Gold Mining
Connection lost

Rejoining the realm…

Still unreachable

The connection could not be restored.

Session expired

The server has moved on; the page needs a fresh start.